 Dungeon Crawl Stone Soup version 0.22.1-2-g9c5b331 (webtiles) character file.

128 joejoepie the Ruffian (level 5, -2/46 (47) HPs)
             Began as a Ghoul Monk on Nov 14, 2018.
             Killed by divine providence
             ... invoked by an orc priest
              (13 damage)
             ... on level 3 of the Dungeon.
             The game lasted 00:10:49 (2693 turns).

joejoepie the Ruffian (Ghoul Monk)                  Turns: 2693, Time: 00:10:50

HP:   -2/46 (47)    AC:  1    Str: 15    XL:     5   Next: 11%
MP:   4/4           EV: 13    Int:  5    God:
Gold: 125           SH:  0    Dex: 12    Spells: 4/4 levels left

rFire    . . .     SeeInvis .     - Unarmed
rCold    + . .     Gourm    .   (no shield)
rNeg     + + +     Faith    .   (no armour)
rPois    ∞         Spirit   .   (no helmet)
rElec    .         Reflect  .   (no cloak)
rCorr    .         Harm     .   (no gloves)
MR       .....                  d - +0 pair of boots
Stlth    ++........             (no amulet)
HPRegen  0.00/turn              (no ring)
MPRegen  0.09/turn              (no ring)

@: rotting
A: rotting body, claws 1, carnivore, cold resistance 1, negative energy
resistance 3, inhibited regeneration, torment resistance, unbreathing
a: no special abilities


You were on level 3 of the Dungeon.
You were not hungry.

You visited 1 branch of the dungeon, and saw 3 of its levels.

You collected 125 gold pieces.

Inventory:

Armour
 a - a +0 robe
 d - a +0 pair of boots (worn)
 f - a +0 shield
 g - a +0 chain mail
Wands
 j - a wand of random effects (16)
Scrolls
 e - 5 scrolls of identify
 h - 2 scrolls of remove curse
Potions
 c - a potion of brilliance
Comestibles
 b - 4 rations


   Skills:
 * Level 4.4 Fighting
 + Level 1.1 Armour
 + Level 3.2 Dodging
 - Level 2.5 Stealth
 * Level 4.4 Unarmed Combat


You had 4 spell levels left.
You didn't know any spells.
Your spell library was empty.

Dungeon Overview and Level Annotations

Branches:
Dungeon (3/15)

Altars:
Ashenzari
Okawaru
The Shining One


Innate Abilities, Weirdness & Mutations

Your body is rotting away.
You thrive on raw meat.
You are immune to poison.
You have sharp fingernails.
You are carnivorous and can eat meat at any time.
Your flesh is cold resistant. (rC+)
You are immune to negative energy. (rN+++)
You do not regenerate when monsters are visible.
You are immune to unholy pain and torment.
You can survive without breathing.


Message History

Eat one of 2 chunks of flesh? (ye/n/q)
You eat one of the 2 chunks of flesh.
This raw flesh tastes great!
The orc priest hits you with a club.
Eat a chunk of flesh? (ye/n/q)
You eat the chunk of flesh.
This raw flesh tastes great!
The orc priest hits you but does no damage.
You scratch the orc priest.
The orc priest is heavily wounded.
You feel your flesh rotting away.
The orc priest calls down the wrath of Beogh upon you.
Beogh smites you!
You scratch the orc priest.
The orc priest is heavily wounded.
The orc priest hits you with a club.
* * * LOW HITPOINT WARNING * * *
You completely miss the orc priest.
The orc priest is heavily wounded.
The orc priest invokes the aid of Beogh against you.
Beogh smites you!
You die...

##### ##### #...#####
...# #.......# #(######
#...###.# ####.....<#
###.####.#
#.......#<####......<.#
#......@..(..(..(####...
#..####o#.####.### #.##
#..##..#.........# #.#
#..##.#÷#.####.#.# #.#
#..##.#.#.####.#.# #.#
#.....#........#)####.#
## #.###.###..........#
.. ..# #g #.#
#..........# #.## #. #.#
#...#####..#


You could see an orc priest.

Vanquished Creatures
  Ijyb (D:2)
  A gnoll (D:2)
  4 adders (D:2)
  An ooze (D:1)
  A worm (D:2)
  A leopard gecko (D:2)
  7 bats
  6 giant cockroaches
  7 goblins
  4 hobgoblins
  A quokka (D:2)
  3 frilled lizards
  10 kobolds
  6 rats
53 creatures vanquished.

Notes
Turn   | Place    | Note
-------+----------+-------------------------------------------
     0 | D:1      | joejoepie the Ghoul Monk began the quest for the Orb.
     0 | D:1      | Reached XP level 1. HP: 19/19 MP: 0/0
   130 | D:1      | Reached XP level 2. HP: 10/26 MP: 1/1
   386 | D:1      | Found a glowing golden altar of the Shining One.
   827 | D:1      | Reached XP level 3. HP: 33/33 MP: 2/2
  1258 | D:2      | Found an iron altar of Okawaru.
  1535 | D:2      | Reached XP level 4. HP: 39/40 MP: 3/3
  2413 | D:3      | Reached skill level 1 in Armour
  2514 | D:3      | Found a shattered altar of Ashenzari.
  2523 | D:3      | Noticed Ijyb
  2657 | D:2      | Killed Ijyb
  2657 | D:2      | Reached XP level 5. HP: 31/47 MP: 4/4
  2693 | D:3      | Killed from afar by an orc priest

Skill      XL: |  1  2  3  4 |
---------------+-------------+-----
Dodging        | 3 |  3.2
Fighting       | 4 |  4.4
Unarmed Combat | 4 |  4.4
Armour         | 1 |  1.1
Stealth        | |  2.5

Action                   |  1- 3 |  4- 6 || total
-------------------------+-------+-------++-------
Melee: Unarmed           |   106 |   132 ||   238
       Punch             |     3 |     2 ||     5
  Use: Scroll            |     3 |       ||     3
       Potion            |     2 |     1 ||     3
 Stab: Sleeping          |     4 |     2 ||     6
  Eat: Chunk             |    10 |    13 ||    23
Armor: Robe              |    11 |       ||    11
       Skin              |    10 |    19 ||    29
Dodge: Dodged            |    80 |    89 ||   169
